 Dungeon Crawl Stone Soup version 0.21.1-1-g345015f (webtiles) character file.

503287 Mgcat the Executioner (level 24, -2/346 HPs)
             Began as a Minotaur Berserker on Feb 13, 2018.
             Was the Champion of Trog.
             Splashed by a caustic shrike's acid (10 damage)
             ... on level 5 of the Depths on Feb 15, 2018.
             The game lasted 02:52:27 (48248 turns).

Mgcat the Executioner (Minotaur Berserker)         Turns: 48248, Time: 02:52:27

Health: -2/346     AC: 13    Str: 37    XL:     24   Next: 8%
Magic:  38/38      EV: 21    Int:  8    God:    Trog [******]
Gold:   2481       SH:  4    Dex: 19    Spells: 23/23 levels left

rFire    + + +     SeeInvis +   r - +5 battleaxe (vamp) {!w}
rCold    + + .     Gourm    .   (shield currently unavailable)
rNeg     + + .     Faith    .   m - +6 gold dragon scales
rPois    +         Spirit   .   S - +2 hat of the Country {Dex+2}
rElec    +         Reflect  +   s - scarf {rC+ rF+}
rCorr    .         Harm     .   B - +2 pair of gloves {Str+3}
MR       ++++.     NoTele   +   E - +0 pair of boots "Kueqeoxt" {rElec rF+ MP+9 Str+3}
Stlth    ..........             h - +4 amulet of reflection
HPRegen  1.67/turn              L - ring of Fragile Peace {rElec rN+ SInv Stlth+}
MPRegen  0.26/turn              Q - ring of the Ancients {-Tele rPois rN+ MR+ Str+3}

@: berserking, lethally poisoned (-2 -> -2), corroded, regenerating, very quick
A: retaliatory headbutt, horns 2
}: 2/15 runes: barnacled, gossamer
a: Berserk, Trog's Hand, Brothers in Arms, Burn Spellbooks, Renounce Religion


You were on level 5 of the Depths.
You worshipped Trog.
Trog was exalted by your worship.
You were near starving.

You visited 8 branches of the dungeon, and saw 42 of its levels.
You visited 1 bazaar.
You also visited: Labyrinth, Sewer and Ice Cave.

You collected 5449 gold pieces.
You spent 2968 gold pieces at shops.

Inventory:

Hand Weapons
 q - the +7 battleaxe of the Common Good {protect, *Drain Str+8 Int+5}
   (Trog gifted it to you on level 2 of the Depths)

   It protects the one who uses it against injury (+AC on strike).
   It affects your strength (+8).
   It affects your intelligence (+5).
   It causes draining when unequipped.
 r - a +5 vampiric battleaxe (weapon) {!w}
   (Trog gifted it to you on level 6 of the Lair of Beasts)
 D - a +2 morningstar of holy wrath
   (You found it in an ice cave)
Missiles
 b - 31 silver javelins
 w - 5 javelins of penetration
 G - 18 poisoned javelins
 O - 9 javelins of returning
 V - 8 throwing nets {=f, !d}
 X - 8 poisoned tomahawks (quivered)
Armour
 m - +6 gold dragon scales (worn)
   (You found it on level 4 of the Depths)
 s - a scarf of resistance (worn)
   (You found it on level 15 of the Dungeon)
 B - a +2 pair of gloves of strength (worn)
   (You bought it in a shop on level 3 of the Shoals)
 E - the +0 pair of boots "Kueqeoxt" (worn) {rElec rF+ MP+9 Str+3}
   (You bought it in a shop on level 3 of the Shoals)

   It affects your strength (+3).
   It protects you from fire.
   It insulates you from electricity.
   It affects your magic capacity (+9).
 S - the +2 hat of the Country (worn) {Dex+2}
   (You acquired it on level 2 of the Vaults)

   It affects your dexterity (+2).
Jewellery
 h - a +4 amulet of reflection (around neck)
   (You found it on level 2 of the Lair of Beasts)
 A - a +3 amulet of reflection
   (You found it on level 3 of the Depths)
 L - the ring of Fragile Peace (left hand) {rElec rN+ SInv Stlth+}
   (You took it off a minotaur in a labyrinth)

   [ring of see invisible]

   It insulates you from electricity.
   It protects you from negative energy.
   It lets you see invisible.
   It makes you more stealthy.
 Q - the ring of the Ancients (right hand) {-Tele rPois rN+ MR+ Str+3}
   (You found it in a labyrinth)

   [ring of strength]

   It affects your strength (+3).
   It protects you from poison.
   It protects you from negative energy.
   It affects your resistance to hostile enchantments.
   It prevents most forms of teleportation.
Wands
 k - a wand of disintegration (41)
   (You found it on level 2 of the Lair of Beasts)
 l - a wand of iceblast (64)
   (You found it on level 5 of the Dungeon)
 J - a wand of digging (48)
   (You found it in an ice cave)
 N - a wand of clouds (3)
   (You found it on level 4 of the Depths)
 P - a wand of acid (19)
   (You found it in a labyrinth)
Scrolls
 e - 19 scrolls of teleportation
 f - 2 scrolls of silence
 g - 8 scrolls of magic mapping {!r}
 j - 2 scrolls of summoning
 v - 4 scrolls of blinking {!r}
 y - 5 scrolls of fog
 z - 20 scrolls of remove curse
 H - 5 scrolls of fear
 M - a scroll of brand weapon
Potions
 d - 4 potions of cancellation
 i - 2 potions of haste
 n - 6 potions of ambrosia
 o - 10 potions of mutation {!q}
 p - 3 potions of flight
 t - a potion of agility
 x - 2 potions of invisibility
 C - 8 potions of curing
 I - 2 potions of resistance
 R - 2 potions of heal wounds
 W - a potion of might
Miscellaneous
 u - 2 phantom mirrors
 T - a fan of gales
   (You found it in an ice cave)
 Y - a lamp of fire
   (You found it on level 3 of the Vaults)
 Z - a sack of spiders
Comestibles
 a - 28 chunks of flesh {@w0}
 c - 68 rations


   Skills:
 + Level 22.0 Fighting
 + Level 23.7 Axes
 - Level 15.7 Throwing
 + Level 21.8 Armour
 + Level 19.3 Dodging
 + Level 8.1 Stealth
 - Level 10.0 Evocations


You had 23 spell levels left.
You didn't know any spells.

Dungeon Overview and Level Annotations

Branches:
Dungeon (15/15)            Temple (0/1) D:7            Lair (6/6) D:8
 Shoals (4/4) Lair:3       Spider (4/4) Lair:2        Slime (0/5) Lair:6
    Orc (2/2) D:11            Elf (2/3) Orc:2        Vaults (4/5) D:14
  Crypt (0/3) Vaults:2     Depths (5/5) D:15            Zot (0/5) Depths:5

Altars:
Ashenzari
Dithmenos
Elyvilon
Kikubaaqudgha
Nemelex Xobeh
Okawaru
Qazlal
Wu Jian
Xom

Shops:
D:5 %   D:9 }   Orc:2 !:*[*   Elf:2 =![[   Shoals:1 %}   Shoals:3 ??[
Vaults:2 [   Vaults:3 *   Depths:1 (   Depths:5 (

Portals:
Hell: Depths:1 Depths:2 Depths:3 Depths:4 Depths:5
Abyss: Depths:3 Depths:4
Pandemonium: Orc:2 Depths:1 Depths:2 Depths:3 Depths:5
Ziggurat: Depths:1
Trove: Depths:2 (give 5 scrolls of blinking)

Annotations:
Shoals:2 exclusion: Roxanne, Roxanne
Elf:2 3 runed doors
Depths:1 exclusion: obsidian statue


Innate Abilities, Weirdness & Mutations

You reflexively headbutt those who attack you in melee.
You have a pair of horns on your head.


Message History

The acid corrodes you!
You are splashed with acid!
The acid burns!
The caustic shrike claws you but does no damage.
You are too injured to fight recklessly!
You are too injured to fight recklessly!
You are too injured to fight recklessly!
Your stone giant goes berserk!
You feel quite a bit more hungry. The caustic shrike barely misses you.
You furiously retaliate!
You headbutt the caustic shrike.
The caustic shrike claws you but does no damage.
The caustic shrike claws you!
You are splashed with acid!
The acid burns!
Your skin crawls.
You feel resistant to hostile enchantments.
You are feeling hungry.
You feel sick. The caustic shrike barely misses you.
The caustic shrike completely misses you.
You furiously retaliate!
You headbutt the caustic shrike. The caustic shrike closely misses you.
You furiously retaliate!
You headbutt the caustic shrike! The caustic shrike claws you!!
The acid corrodes you!
You are splashed with acid!
The acid burns!
The caustic shrike barely misses you. You furiously retaliate!
You headbutt the caustic shrike, but do no damage.
A red film seems to cover your vision as you go berserk!
You feel yourself moving faster!
You feel mighty!
You are near starving!
You feel sick. The caustic shrike barely misses you. You furiously retaliate!
You headbutt the caustic shrike!!
The caustic shrike claws you but does no damage.
Your stone giant hits the caustic shrike!
The caustic shrike claws you!!
You are splashed with acid!
The acid burns!
The caustic shrike claws you but does no damage.
The caustic shrike claws you!!
You are splashed with acid!
The acid burns!
Your stone giant misses the caustic shrike.
The caustic shrike claws you. The acid corrodes you!
You are splashed with acid!
The acid burns!
You open the caustic shrike like a pillowcase!!!
The caustic shrike is heavily wounded.
You hit the caustic shrike but do no damage.
You miss the caustic shrike.
You feel sick. The caustic shrike closely misses you. You furiously retaliate!
You headbutt the caustic shrike, but do no damage.
The caustic shrike claws you. The acid corrodes you!
You are splashed with acid!
The acid burns!
The caustic shrike completely misses you.
You closely miss the caustic shrike.
Your headbutt misses the caustic shrike.
The caustic shrike is heavily wounded.
You hit the caustic shrike. x2; The caustic shrike claws you!!
* * * LOW HITPOINT WARNING * * *
The acid corrodes you!
You are splashed with acid!
The acid burns!
* * * LOW HITPOINT WARNING * * *
Your stone giant hits the caustic shrike!
The caustic shrike claws you!
* * * LOW HITPOINT WARNING * * *
You are splashed with acid!
The acid burns!
* * * LOW HITPOINT WARNING * * *
The caustic shrike claws you!
* * * LOW HITPOINT WARNING * * *
The acid corrodes you!
You are splashed with acid!
The acid burns!
* * * LOW HITPOINT WARNING * * *
The caustic shrike claws you.
* * * LOW HITPOINT WARNING * * *
The acid corrodes you!
You are splashed with acid!
The acid burns!
* * * LOW HITPOINT WARNING * * *
Your stone giant misses the caustic shrike.
The caustic shrike barely misses you. You furiously retaliate!
You headbutt the caustic shrike! The caustic shrike misses you.
You furiously retaliate!
You headbutt the caustic shrike, but do no damage.
You feel a strong urge to attack something.
You feel sick.
The caustic shrike claws your stone giant but does no damage.
Your stone giant hits the caustic shrike!!!
The caustic shrike claws your stone giant but does no damage. x2
You closely miss the caustic shrike.
Your headbutt misses the caustic shrike.
The caustic shrike is lightly wounded.
The caustic shrike barely misses you.
The caustic shrike claws your stone giant!!
Your stone giant is splashed with acid.
Your stone giant closely misses the caustic shrike.
The caustic shrike claws your stone giant but does no damage.
You miss the caustic shrike.
You headbutt the caustic shrike, but do no damage.
The caustic shrike is lightly wounded.
The caustic shrike claws you!
* * * LOW HITPOINT WARNING * * *
You are splashed with acid!
The acid burns!
* * * LOW HITPOINT WARNING * * *
The caustic shrike claws your stone giant!!
Your stone giant is splashed with acid.
The acid corrodes your stone giant!
Your stone giant completely misses the caustic shrike.
You slice the caustic shrike!!
You feel better.
You headbutt the caustic shrike, but do no damage.
The caustic shrike is moderately wounded.
You feel sick.
The caustic shrike claws your stone giant!
Your stone giant is splashed with acid.
The caustic shrike claws you!
* * * LOW HITPOINT WARNING * * *
You are splashed with acid!
The acid burns!
You die...

.....## #....#...#...## ......##
#...##..###...## .......#
...#...# ##...## .....#########
..#..## ##)..### ##...# #....#
#.#..# ##.)'#' #...#
#....####.#..# ##'...
#...####.......bb...# ##)∩.
#........[∩....Cb#..# #'...
#..)...........@.#..# #.''#'
##..###....###....#..# #...###
....###....# #...##... #...# #
.....##....# #...###..# #...#
#....(.....# #..... ...#...#
.§...≈≈§§..###.|...##.....#
§≈.§§§≈§≈..<........# ..#
≈§≈≈≈§§≈≈.§.........## ...#
§≈≈≈≈≈§≈≈............##.....#####


You could see 3 caustic shrikes and a friendly stone giant (berserk).

Vanquished Creatures
  A juggernaut (Depths:4)
  Xtahua (Depths:4)
  Margery (Vaults:4)
  7 golden dragons
  A caustic shrike (Depths:4)
  Nikola (Shoals:1)
  the Enchantress (Depths:4)
  Arachne (Spider:2)
  A bone dragon (Depths:5)
  Jorgrun (Depths:4)
  Rupert (Lair:3)
  The ghost of xccam the Warrior, an adept DrBe of Trog (Shoals:2)
  Asterion (Spider:3)
  3 tentacled monstrosities
  6 liches
  A deep elf blademaster (Elf:1)
  A kraken (Shoals:1)
  3 sphinxes
  Frances (Shoals:1)
  2 shadow dragons
  Kirke (D:15)
  2 storm dragons
  Donald (Spider:2)
  9 tengu reavers
  An iron dragon (Depths:4)
  10 frost giants
  11 vault wardens
  10 fire giants
  Louise (Shoals:1)
  A deep elf sorcerer (Depths:4)
  5 ghost moths
  A deep elf elementalist (Elf:2)
  Aizul (Shoals:2)
  A draconian annihilator (Depths:5)
  7 emperor scorpions
  8 ironheart preservers
  A draconian stormcaller (Depths:5)
  A war gargoyle (Vaults:4)
  3 spriggan defenders (Depths:4)
  16 very ugly things
  22 stone giants
  3 entropy weavers
  3 green draconians (Depths:5)
  A vampire knight (Depths:4)
  A lorocyproca (Depths:5)
  4 deep elf demonologists
  2 deep elf annihilators
  A black draconian (Depths:5)
  A yellow draconian (Depths:5)
  2 white draconians (Depths:5)
  A purple draconian (Depths:5)
  16 ettins
  5 spark wasps
  2 deep elf death magi
  A minotaur (Lab)
  13 fire dragons
  2 deep elf high priests (Depths:4)
  A crystal guardian (Vaults:4)
  5 merfolk impalers
  2 merfolk javelineers (Shoals:4)
  Josephine (D:14)
  18 yaktaur captains
  Fannar (Lair:3)
  14 ogre magi
  4 vault guards
  Harold (Orc:1)
  10 ice dragons
  A hell beast (Depths:1)
  7 rakshasas
  11 great orbs of eyes
  7 spriggan air magi
  4 hydras
  A catoblepas (Shoals:2)
  Erica (D:8)
  7 death yaks
  6 merfolk avatars
  13 centaur warriors
  An alligator snapping turtle (Shoals:4)
  14 dancing weapons
  A satyr (Shoals:3)
  4 merfolk aquamancers
  3 death knights
  49 two-headed ogres
  A vampire mage (Depths:4)
  12 deep troll earth magi
  4 deep troll shamans
  5 tengu warriors
  4 spriggan berserkers
  Urug (Lair:3)
  4 sun demons
  5 orc high priests
  12 hell knights
  11 deep elf knights
  2 shadow wraiths (Vaults:2)
  3 skeletal warriors (Vaults:2)
  A soul eater (Depths:1)
  10 sea snakes
  4 unseen horrors
  2 gelid demonspawn (Orc:2)
  2 wizards (Vaults:3)
  2 glowing orange brains (Depths:4)
  7 flayed ghosts
  27 deep trolls
  A phantasmal warrior (Vaults:3)
  14 deep elf archers
  16 orc knights
  21 harpies
  10 ironbrand convokers
  3 lindwurms (Lair:6)
  3 necromancers
  38 wolf spiders
  16 orb spiders
  39 ugly things
  9 orc sorcerers
  40 deep elf magi
  10 fauns
  5 cyclopes
  11 manticores
  An elephant (Lair:5)
  A moth of wrath (Spider:4)
  An elephant (shapeshifter) (Depths:2)
  6 water nymphs
  9 vault sentinels
  2 black mambas (Lair:6)
  3 merfolk sirens
  4 orange demons
  An ice statue (IceCv)
  A smoke demon (Orc:2)
  4 large abominations (Depths:4)
  8 torpor snails
  5 spectral swamp worms (Depths:3)
  12 spiny frogs
  A kobold demonologist (D:15)
  A rime drake (shapeshifter) (Vaults:4)
  A komodo dragon (shapeshifter) (Vaults:2)
  7 komodo dragons
  7 freezing wraiths
  8 demonic crawlers
  2 rime drakes
  50 yaktaurs
  An efreet (D:13)
  A hellwing (Depths:5)
  2 ice devils (Depths:1)
  27 merfolk
  11 trolls
  20 polar bears
  4 tengu conjurers
  A red devil (Depths:1)
  34 jumping spiders
  A hornet (shapeshifter) (Depths:4)
  A polar bear (shapeshifter) (Depths:3)
  6 wind drakes
  Prince Ribbit (D:5)
  3 tyrant leeches (Lair:6)
  A human simulacrum (Vaults:3)
  6 dream sheep
  12 hornets
  A blink frog (shapeshifter) (Depths:5)
  27 slime creatures
  17 hippogriffs
  9 blink frogs (Lair:5)
  5 snapping turtles
  89 redbacks
  2 shadows
  A spriggan (shapeshifter) (Depths:2)
  6 spriggans
  4 air elementals
  6 wyverns
  19 water elementals
  32 tarantellas
  13 wraiths
  2 ynoxinuls
  2 fire elementals
  A human (shapeshifter) (Vaults:4)
  66 yaks
  2 hogs (D:15)
  A basilisk (shapeshifter) (Vaults:3)
  8 vampire mosquitoes
  9 basilisks
  A chaos spawn (Depths:4)
  A golden eye (shapeshifter) (Vaults:3)
  A hungry ghost (Lab)
  An acid dragon (shapeshifter) (Depths:4)
  4 wargs
  A soldier ant (shapeshifter) (Depths:3)
  2 acid dragons
  14 water moccasins
  2 hell hounds (D:8)
  5 porcupines
  5 necrophages
  8 small abominations (Depths:4)
  40 orc warriors
  4 black bears
  25 ice beasts
  32 ogres
  31 wolves
  A boggart (shapeshifter) (Vaults:1)
  10 crocodiles
  33 centaurs
  An elf simulacrum (Vaults:1)
  5 big kobolds
  12 bullfrogs
  A wyvern zombie (D:12)
  8 earth elementals
  A wyvern skeleton (D:6)
  4 killer bees (D:8)
  6 scorpions
  7 wights
  10 electric eels
  3 howler monkeys (D:8)
  2 centaur zombies
  2 quasits (D:11)
  12 crimson imps
  36 orc priests
  5 hounds
  3 iron imps
  A jelly (D:13)
  A bullfrog skeleton (D:9)
  5 centaur skeletons
  Terence (D:2)
  2 iguanas
  10 worker ants
  36 orc wizards
  2 hound skeletons (D:5)
  A mummy (D:11)
  3 gnolls (D:8)
  A howler monkey skeleton (D:8)
  14 adders
  2 shadow imps
  7 white imps (Depths:1)
  11 oozes
  2 adder skeletons
  4 worms
  3 dart slugs
  26 leopard geckos
  146 orcs
  17 ball pythons
  13 giant cockroaches
  8 goblins
  3 hobgoblins
  16 jackals
  19 kobolds
  4 quokkas
  8 bats
  9 frilled lizards
  A leopard gecko zombie (D:8)
  6 rats
  2 crawling corpses (Depths:4)
  8 plants
  3 tentacles (Shoals:1)
2072 creatures vanquished.

Vanquished Creatures (collateral kills)
  Bai Suzhen (Vaults:4)
  Polyphemus (Shoals:2)
  Agnes (D:14)
  A deep elf demonologist (Elf:1)
  A merfolk javelineer (Shoals:4)
  A merfolk impaler (Shoals:4)
  A hydra (D:14)
  A vault guard (D:14)
  A tengu warrior (D:14)
  3 death yaks
  A satyr (Shoals:2)
  2 orc high priests (Orc:2)
  An infernal demonspawn (Orc:2)
  A sea snake (Shoals:1)
  2 deep elf archers (Elf:1)
  An orc sorcerer (Orc:2)
  A deep elf mage (Elf:1)
  An oklob plant (Orc:2)
  A cyclops (Shoals:2)
  2 fauns (Shoals:1)
  A manticore (Shoals:1)
  A kobold demonologist (D:14)
  A wind drake (Shoals:2)
  3 merfolk
  4 dream sheep (Shoals:2)
  3 yaks
  2 vampire mosquitoes (D:14)
  6 orc warriors (Orc:2)
  4 orc priests (Orc:2)
  3 orcs (Orc:2)
53 creatures vanquished.

Vanquished Creatures (others)
  A fire giant (Depths:4)
  A deep elf annihilator (Elf:1)
  2 merfolk javelineers (Shoals:4)
  A deep elf knight (Elf:1)
  A deep elf mage (Elf:1)
  A centaur skeleton (D:15)
  A jumping spider (Spider:2)
  A water elemental (D:15)
  A wolf (IceCv)
  A centaur (Depths:4)
  An orc wizard (D:11)
  2 orcs
  10 fungi (Lair:6)
  34 plants
  6 tentacles (Shoals:1)
64 creatures vanquished.

Grand Total: 2189 creatures vanquished

Notes
Turn   | Place    | Note
-------+----------+-------------------------------------------
     0 | D:1      | Mgcat the Minotaur Berserker began the quest for the Orb.
     0 | D:1      | Reached XP level 1. HP: 19/19 MP: 0/0
    26 | D:1      | Reached skill level 4 in Axes
    30 | D:1      | Reached XP level 2. HP: 23/26 MP: 1/1
   243 | D:1      | Reached skill level 5 in Axes
   327 | D:1      | Reached XP level 3. HP: 31/31 MP: 2/2
   838 | D:2      | Reached ** piety under Trog
   974 | D:2      | Reached XP level 4. HP: 28/39 MP: 3/3
   999 | D:2      | Reached skill level 6 in Axes
  1008 | D:2      | Noticed Terence
  1018 | D:2      | Killed Terence
  1032 | D:2      | HP: 9/39 [poisoned by Terence]
  1039 | D:2      | HP: 8/39 [poisoned by Terence]
  1047 | D:2      | HP: 7/39 [poisoned by Terence]
  2148 | D:3      | Reached skill level 7 in Axes
  2148 | D:3      | Reached XP level 5. HP: 38/45 MP: 4/4
  2973 | D:4      | Reached *** piety under Trog
  2977 | D:4      | Reached skill level 8 in Axes
  2977 | D:4      | Reached skill level 1 in Throwing
  2977 | D:4      | Reached XP level 6. HP: 43/51 MP: 5/5
  3111 | D:4      | Reached skill level 2 in Throwing
  3350 | D:4      | Reached skill level 3 in Throwing
  3350 | D:4      | Reached XP level 7. HP: 57/57 MP: 6/6
  3433 | D:4      | Found an ancient bone altar of Kikubaaqudgha.
  3600 | D:4      | Reached skill level 9 in Axes
  3871 | D:5      | Entered Level 5 of the Dungeon
  3874 | D:5      | Found Nebigh's Food Shop.
  3965 | D:5      | Noticed Prince Ribbit
  3982 | D:5      | Killed Prince Ribbit
  3982 | D:5      | Reached skill level 4 in Throwing
  4066 | D:5      | Found a glowing drain.
  4116 | Sewer    | Entered a sewer
  4180 | Sewer    | Reached XP level 8. HP: 59/64 MP: 7/7
  4233 | Sewer    | Reached **** piety under Trog
  4237 | Sewer    | Reached skill level 5 in Throwing
  4247 | Sewer    | Reached skill level 10 in Axes
  5208 | D:6      | Reached skill level 11 in Axes
  5305 | D:6      | HP: 8/64 [ogre/giant spiked club (23)]
  5388 | D:6      | Reached ***** piety under Trog
  5559 | D:6      | Reached skill level 12 in Axes
  5980 | D:7      | Reached skill level 4 in Fighting
  5994 | D:7      | Reached skill level 3 in Armour
  6098 | D:7      | Found a staircase to the Ecumenical Temple.
  6107 | D:7      | Reached XP level 9. HP: 71/72 MP: 8/8
  6424 | D:7      | Reached skill level 4 in Armour
  6462 | D:7      | Reached skill level 5 in Fighting
  6788 | D:8      | Found a shimmering altar of Xom.
  6791 | D:8      | Found a staircase to the Lair.
  6800 | D:8      | Noticed Erica
  6805 | D:8      | Reached skill level 5 in Armour
  6812 | D:8      | Reached skill level 6 in Fighting
  6816 | D:8      | HP: 27/112 [something (2)]
  6820 | D:8      | HP: 11/112 [something (5)]
  6824 | D:8      | HP: 4/115 [something (2)]
  6826 | D:8      | Killed Erica
  6826 | D:8      | Reached skill level 7 in Fighting
  6826 | D:8      | Reached skill level 13 in Axes
  6826 | D:8      | Reached skill level 6 in Armour
  7001 | D:8      | Reached XP level 10. HP: 38/86 MP: 9/9
  7192 | D:8      | Received a gift from Trog
  7281 | D:8      | Noticed an orc knight
  7300 | D:8      | Killed an orc knight
  7300 | D:8      | Reached skill level 7 in Armour
  7570 | D:8      | Reached skill level 8 in Fighting
  7678 | D:8      | Identified a scroll of acquirement
  7772 | D:8      | Noticed a three-headed hydra
  7783 | D:8      | Reached skill level 8 in Armour
  7786 | D:8      | Killed a three-headed hydra
  7786 | D:8      | Reached skill level 14 in Axes
  7958 | D:9      | Found a stormy altar of Qazlal.
  7958 | D:9      | Found a white marble altar of Elyvilon.
  7959 | D:9      | Found a shadowy altar of Dithmenos.
  8005 | D:9      | Found Lypanoq's Gadget Shoppe.
  8045 | D:9      | Reached skill level 9 in Fighting
  8169 | D:9      | Found an ornate altar of the Wu Jian Council.
  8172 | D:9      | Found an iron altar of Okawaru.
  8306 | D:9      | Found a sparkling altar of Nemelex Xobeh.
  8380 | D:10     | Entered Level 10 of the Dungeon
  8665 | D:9      | Reached skill level 9 in Armour
  9002 | D:10     | Reached skill level 1 in Evocations
  9128 | D:10     | Reached XP level 11. HP: 82/97 MP: 10/10
  9233 | D:10     | Reached skill level 3 in Dodging
  9651 | D:10     | Found a sparkling altar of Nemelex Xobeh.
  9653 | D:10     | Found a shadowy altar of Dithmenos.
  9653 | D:10     | Found a sparkling altar of Nemelex Xobeh.
  9655 | D:10     | Found an ancient bone altar of Kikubaaqudgha.
  9655 | D:10     | Found an ancient bone altar of Kikubaaqudgha.
  9655 | D:10     | Found a shimmering altar of Xom.
  9941 | D:11     | Received a gift from Trog
  9954 | D:11     | Killed an unseen horror
  9954 | D:11     | Reached skill level 2 in Evocations
 10270 | D:11     | Reached skill level 10 in Fighting
 10270 | D:11     | Reached skill level 4 in Dodging
 11134 | D:11     | Found a staircase to the Orcish Mines.
 11224 | Lair:1   | Entered Level 1 of the Lair of Beasts
 11257 | Lair:1   | Noticed a six-headed hydra
 11265 | Lair:1   | Killed a six-headed hydra
 11265 | Lair:1   | Reached skill level 3 in Evocations
 11272 | Lair:1   | Received a gift from Trog
 11272 | Lair:1   | Reached skill level 10 in Armour
 11307 | Lair:1   | Found a frozen archway.
 11328 | Lair:1   | Reached skill level 5 in Dodging
 11356 | Lair:1   | Reached skill level 15 in Axes
 11370 | Lair:1   | Found a labyrinth entrance.
 11393 | Lab      | Entered a labyrinth
 11565 | Lab      | Noticed a minotaur
 11571 | Lab      | Killed a minotaur
 11571 | Lab      | Reached skill level 4 in Evocations
 11573 | Lab      | Got a heavily runed marble ring
 11579 | Lab      | Got an opalescent robe
 11579 | Lab      | Got a translucent brass ring
 11603 | IceCv    | Entered an ice cave
 11604 | IceCv    | Identified the ring of Fragile Peace {rElec rN+ SInv Stlth+} (You took it off a minotaur in a labyrinth)
 11605 | IceCv    | Identified the ring of the Ancients {-Tele rPois rN+ MR+ Str+3} (You found it in a labyrinth)
 11630 | IceCv    | Reached XP level 12. HP: 92/107 MP: 2/14
 11869 | IceCv    | Reached skill level 6 in Dodging
 11915 | IceCv    | Reached skill level 11 in Fighting
 12257 | IceCv    | Reached skill level 11 in Armour
 12269 | IceCv    | Reached skill level 5 in Evocations
 12817 | IceCv    | Received a gift from Trog
 12817 | IceCv    | Reached skill level 7 in Dodging
 13055 | IceCv    | Noticed a frost giant
 13069 | IceCv    | Killed a frost giant
 14168 | Lair:2   | Found a hole to the Spider Nest.
 14321 | Lair:2   | Reached skill level 6 in Evocations
 14349 | Lair:2   | Reached skill level 12 in Fighting
 14349 | Lair:2   | Reached XP level 13. HP: 115/118 MP: 5/16
 14865 | Lair:2   | Reached skill level 8 in Dodging
 15239 | Lair:3   | Reached skill level 16 in Axes
 15292 | Lair:3   | Noticed Rupert
 15306 | Lair:3   | Killed Rupert
 15306 | Lair:3   | Reached skill level 12 in Armour
 15332 | Lair:3   | Found a staircase to the Shoals.
 15388 | Lair:3   | Noticed Urug
 15390 | Lair:3   | Noticed Fannar
 15398 | Lair:3   | Killed Urug
 15399 | Lair:3   | Killed Fannar
 15487 | Lair:3   | Received a gift from Trog
 15873 | Lair:4   | Reached skill level 6 in Throwing
 16661 | Lair:5   | Reached skill level 7 in Evocations
 16941 | Lair:5   | Reached skill level 9 in Dodging
 17239 | Lair:6   | Entered Level 6 of the Lair of Beasts
 17366 | Lair:6   | Reached skill level 13 in Fighting
 17366 | Lair:6   | Reached XP level 14. HP: 40/129 MP: 1/18
 17366 | Lair:6   | HP: 32/129 [yak (7)]
 17622 | Lair:6   | Found a staircase to the Slime Pits.
 17766 | Lair:6   | Reached skill level 7 in Throwing
 17877 | Lair:6   | Identified the Incunabulum of Protection
 18014 | Lair:6   | Reached skill level 13 in Armour
 18042 | Lair:6   | Got a steaming shield
 18048 | Lair:6   | Identified the +5 shield "Bokiod" {rElec SInv} (You found it on level 6 of the Lair of Beasts)
 18316 | Lair:6   | Received a gift from Trog
 18551 | Lair:6   | Found a runed door.
 18756 | Lair:6   | Reached skill level 8 in Evocations
 18963 | Lair:6   | Received a gift from Trog
 19289 | Orc:1    | Entered Level 1 of the Orcish Mines
 19337 | Orc:1    | Reached skill level 10 in Dodging
 19457 | Orc:1    | Noticed Harold
 19472 | Orc:1    | Killed Harold
 19849 | Orc:2    | Entered Level 2 of the Orcish Mines
 19971 | Orc:2    | Found Woicweax's General Store.
 19980 | Orc:2    | Reached skill level 17 in Axes
 19982 | Orc:2    | Found Zirel's General Store.
 20164 | Orc:2    | Found a staircase to the Elven Halls.
 20167 | Orc:2    | Reached skill level 8 in Throwing
 20589 | Orc:2    | Found Xifoew's Distillery.
 20624 | Orc:2    | Bought a potion of berserk rage for 80 gold pieces
 20624 | Orc:2    | Bought 2 potions of mutation for 256 gold pieces
 20624 | Orc:2    | Bought a potion of lignification for 48 gold pieces
 20783 | Orc:2    | Received a gift from Trog
 20817 | Orc:2    | Reached XP level 15. HP: 96/137 MP: 20/20
 20935 | Orc:2    | Found Qarien's Book Boutique.
 20935 | Orc:2    | Found Xakh's Antique Armour Shop.
 20935 | Orc:2    | Found a one-way gate leading to the halls of Pandemonium.
 20943 | Orc:2    | Bought a pair of glowing gloves for 225 gold pieces
 20943 | Orc:2    | Bought an embroidered scarf for 240 gold pieces
 21285 | D:12     | Reached skill level 14 in Fighting
 21334 | D:12     | Received a gift from Trog
 21917 | D:13     | Received a gift from Trog
 22115 | D:13     | Reached skill level 14 in Armour
 22196 | D:13     | Received a gift from Trog
 22444 | D:14     | Noticed Agnes
 22456 | D:14     | HP: 51/207 [Agnes/lajatang of speed (16)]
 22461 | D:14     | Killed Agnes
 22461 | D:14     | Reached skill level 9 in Evocations
 22530 | D:14     | Reached skill level 11 in Dodging
 22587 | D:14     | Reached skill level 9 in Throwing
 22600 | D:14     | Received a gift from Trog
 22652 | D:14     | Noticed Josephine
 22657 | D:14     | Killed Josephine
 23084 | D:14     | Received a gift from Trog
 23131 | D:14     | Found a gate to the Vaults.
 23271 | D:15     | Entered Level 15 of the Dungeon
 23487 | D:15     | Received a gift from Trog
 23542 | D:15     | Found a staircase to the Depths.
 23683 | D:15     | Noticed Kirke
 23696 | D:15     | Killed Kirke
 24257 | Spider:1 | Entered Level 1 of the Spider Nest
 24275 | Spider:1 | Reached XP level 16. HP: 87/147 MP: 22/22
 24661 | Spider:1 | Reached skill level 18 in Axes
 24844 | Shoals:1 | Entered Level 1 of the Shoals
 24853 | Shoals:1 | Reached skill level 15 in Fighting
 24967 | Shoals:1 | Received a gift from Trog
 24970 | Shoals:1 | Got a shimmering battleaxe {god gift}
 24971 | Shoals:1 | Identified the +3 battleaxe "Dunyat" {protect, Int+3 Dex+3} (Trog gifted it to you on level 1 of the Shoals)
 25072 | Shoals:1 | HP: 33/149 [faun/stone (11)]
 25075 | Shoals:1 | HP: 15/149 [merfolk/trident (10)]
 25080 | Shoals:1 | Reached skill level 10 in Evocations
 25341 | Shoals:1 | Found Boeq's Gadget Shop.
 25393 | Shoals:1 | Noticed Nikola
 25393 | Shoals:1 | Noticed Louise
 25434 | Shoals:1 | Killed Louise
 25434 | Shoals:1 | Reached skill level 10 in Throwing
 25447 | Shoals:1 | Killed Nikola
 25447 | Shoals:1 | Reached skill level 15 in Armour
 25447 | Shoals:1 | Reached skill level 12 in Dodging
 25458 | Shoals:1 | Got a pitted large shield
 25549 | Shoals:1 | Found Odehaekk's Food Shop.
 25553 | Shoals:1 | Noticed Frances
 25564 | Shoals:1 | Killed Frances
 25753 | Shoals:1 | Noticed a kraken
 25775 | Shoals:1 | Killed a kraken
 26227 | Shoals:2 | Noticed Polyphemus
 26236 | Shoals:2 | Killed Polyphemus
 26507 | Shoals:2 | Received a gift from Trog
 26748 | Shoals:2 | Noticed Aizul
 26758 | Shoals:2 | Killed Aizul
 26813 | Shoals:2 | Noticed Roxanne
 26947 | Shoals:2 | Noticed xccam's ghost (adept DrBe)
 27450 | Orc:2    | Bought 2 potions of heal wounds for 180 gold pieces
 27806 | Shoals:3 | HP: 33/150 [snapping turtle (9)]
 27811 | Shoals:3 | HP: 30/225 [snapping turtle (15)]
 28147 | Shoals:3 | Found Diorupusch's Antique Armour Emporium.
 28171 | Shoals:3 | Bought a pair of runed gloves for 262 gold pieces
 28171 | Shoals:3 | Bought a pair of spiked boots for 332 gold pieces
 28171 | Shoals:3 | Bought a twisted scale mail for 315 gold pieces
 28171 | Shoals:3 | Bought a shiny plate armour for 910 gold pieces
 28192 | Shoals:3 | Identified the +8 scale mail of Indomitability {rPois Dex+3} (You bought it in a shop on level 3 of the Shoals)
 28202 | Shoals:3 | Identified the +0 pair of boots "Kueqeoxt" {rElec rF+ MP+9 Str+3} (You bought it in a shop on level 3 of the Shoals)
 28278 | Shoals:3 | Found Ylaejepe's Magic Scroll Boutique.
 28311 | Shoals:3 | Found Zaotuirph's Magic Scroll Boutique.
 28787 | Spider:1 | Reached XP level 17. HP: 158/158 MP: 23/23
 29137 | Spider:2 | Noticed Arachne
 29155 | Spider:2 | Received a gift from Trog
 29159 | Spider:2 | Reached skill level 11 in Throwing
 29167 | Spider:2 | Killed Arachne
 29167 | Spider:2 | Reached skill level 16 in Fighting
 29333 | Spider:2 | Received a gift from Trog
 29375 | Spider:2 | Reached skill level 13 in Dodging
 29376 | Spider:2 | Noticed Donald
 29388 | Spider:2 | Killed Donald
 29611 | Spider:2 | Reached skill level 16 in Armour
 30301 | Spider:3 | Reached skill level 19 in Axes
 30380 | Spider:3 | Noticed Asterion
 30391 | Spider:3 | Killed Asterion
 31174 | Spider:4 | Entered Level 4 of the Spider Nest
 32009 | Spider:4 | Received a gift from Trog
 32301 | Spider:4 | Reached XP level 18. HP: 132/168 MP: 24/24
 32375 | Spider:4 | Reached skill level 12 in Throwing
 32418 | Spider:4 | Reached skill level 17 in Fighting
 32434 | Spider:4 | Received a gift from Trog
 32542 | Spider:4 | Got a gossamer rune of Zot
 32809 | Shoals:4 | Entered Level 4 of the Shoals
 32843 | Shoals:4 | Reached skill level 14 in Dodging
 32889 | Shoals:4 | HP: 35/169 [merfolk impaler/demon trident of electrocution (14)]
 32891 | Shoals:4 | HP: 5/169 [merfolk impaler/demon trident of electrocution (15)]
 33541 | Shoals:4 | Reached skill level 17 in Armour
 33767 | Shoals:4 | Got a barnacled rune of Zot
 33848 | Shoals:2 | Killed xccam's ghost
 34147 | Elf:1    | Entered Level 1 of the Elven Halls
 34252 | Elf:1    | Noticed a Hell Sentinel
 34264 | Elf:1    | HP: 37/170 [Hell Sentinel[a deep elf demonologist] (26)]
 34267 | Elf:1    | HP: 13/170 [deep elf demonologist/dagger (7)]
 34301 | Elf:1    | HP: 41/170 [long sword of distortion (3)]
 34646 | Elf:1    | Received a gift from Trog
 34852 | Elf:1    | Reached skill level 20 in Axes
 35515 | Elf:2    | Noticed a Tzitzimitl
 35534 | Elf:2    | Noticed a Tzitzimitl
 35535 | Elf:2    | Noticed a Brimstone Fiend
 35553 | Elf:2    | Received a gift from Trog
 35570 | Elf:2    | Reached XP level 19. HP: 164/178 MP: 25/25
 35601 | Elf:2    | Reached skill level 13 in Throwing
 35623 | Elf:2    | Found Ijokani's Armour Emporium.
 35642 | Elf:2    | Found Hamoqon's Antique Armour Emporium.
 35748 | Elf:2    | Found a runed gate.
 35749 | Elf:2    | Found a runed gate.
 35750 | Elf:2    | Found a runed gate.
 35823 | Elf:2    | Received a gift from Trog
 35831 | Elf:2    | Found Aploedd's Distillery.
 35841 | Elf:2    | Bought a potion of flight for 42 gold pieces
 35841 | Elf:2    | Bought a potion of flight for 42 gold pieces
 35998 | Elf:2    | Found Dammer's Jewellery Shop.
 36365 | Vaults:1 | Entered Level 1 of the Vaults
 36371 | Vaults:1 | Received a gift from Trog
 36541 | Vaults:1 | Reached skill level 15 in Dodging
 36542 | Vaults:1 | Reached skill level 18 in Fighting
 36567 | Vaults:1 | Received a gift from Trog
 36732 | Vaults:1 | HP: 39/179 [freezing wraith[a death knight] (9)]
 36739 | Vaults:1 | Reached skill level 18 in Armour
 36743 | Vaults:1 | HP: 39/179 [flayed ghost[a death knight] (6)]
 37556 | Vaults:2 | Got a heavily runed hat
 37567 | Vaults:2 | Identified the +2 hat of the Country {Dex+2} (You acquired it on level 2 of the Vaults)
 37568 | Vaults:2 | Found Gulec's Antique Armour Shoppe.
 37728 | Vaults:2 | Received a gift from Trog
 37928 | Vaults:2 | Found a staircase to the Crypt.
 38640 | Vaults:2 | Received a gift from Trog
 38745 | Vaults:3 | Reached XP level 20. HP: 189/189 MP: 26/26
 38831 | Vaults:3 | Received a gift from Trog
 38915 | Vaults:3 | Reached skill level 14 in Throwing
 38972 | Vaults:3 | Reached ****** piety under Trog
 38983 | Vaults:3 | Received a gift from Trog
 38998 | Vaults:3 | Reached skill level 21 in Axes
 39151 | Vaults:3 | Reached skill level 16 in Dodging
 39309 | Vaults:3 | Reached skill level 19 in Fighting
 39389 | Vaults:3 | Found Figy's Assorted Antiques.
 39924 | Vaults:4 | Received a gift from Trog
 40059 | Vaults:4 | Reached skill level 19 in Armour
 40092 | Vaults:4 | Noticed Margery
 40114 | Vaults:4 | Noticed Bai Suzhen
 40120 | Vaults:4 | Killed Margery
 40127 | Vaults:4 | Killed Bai Suzhen
 40492 | Vaults:4 | Received a gift from Trog
 41089 | Vaults:4 | Reached XP level 21. HP: 184/199 MP: 27/27
 41731 | Depths:1 | Entered Level 1 of the Depths
 41758 | Depths:1 | Received a gift from Trog
 41782 | Depths:1 | Reached skill level 15 in Throwing
 41826 | Depths:1 | Found a shattered altar of Ashenzari.
 42062 | Depths:1 | Reached skill level 17 in Dodging
 42422 | Depths:1 | Found a gateway to a ziggurat.
 42431 | Depths:1 | Found Xiwniddau's Weapon Boutique.
 42438 | Depths:1 | Received a gift from Trog
 42476 | Depths:1 | Found a gateway to Hell.
 42563 | Depths:1 | Received a gift from Trog
 42691 | Depths:1 | Reached skill level 20 in Fighting
 42847 | Depths:2 | Reached skill level 22 in Axes
 42861 | Depths:2 | Found a flickering gateway to a bazaar.
 42901 | Bazaar   | Entered a bazaar
 42915 | Bazaar   | Found Vyufruwn's Jewellery Emporium.
 42943 | Bazaar   | Found Mumeoret's Jewellery Emporium.
 42943 | Bazaar   | Found Keruoh's Gadget Shoppe.
 42964 | Bazaar   | Found Yntyira's Armour Emporium.
 43156 | Bazaar   | Bought a cursed -2 ring of dexterity for 36 gold pieces
 43299 | Depths:2 | Reached skill level 20 in Armour
 43305 | Depths:2 | Received a gift from Trog
 43314 | Depths:2 | Got an encrusted battleaxe {god gift}
 43315 | Depths:2 | Identified the +7 battleaxe of the Common Good {protect, *Drain Str+8 Int+5} (Trog gifted it to you on level 2 of the Depths)
 43331 | Depths:2 | Found a portal to a secret trove of treasure.
 43427 | Depths:2 | Paralysed by a great orb of eyes for 3 turns
 43962 | Depths:2 | Got a pair of distressingly furry boots
 43973 | Depths:2 | Identified the +0 pair of boots "Anaij" {rPois MR- Dex+5} (You found it on level 2 of the Depths)
 44377 | Depths:3 | Reached XP level 22. HP: 209/209 MP: 28/28
 44462 | Depths:3 | Reached skill level 1 in Stealth
 44520 | Depths:3 | Noticed a golden dragon
 44533 | Depths:3 | Killed a golden dragon
 44614 | Depths:3 | Reached skill level 2 in Stealth
 44801 | Depths:3 | Received a gift from Trog
 44901 | Depths:3 | Found a one-way gate to the infinite horrors of the Abyss.
 44956 | Depths:3 | Noticed a golden dragon
 44963 | Depths:3 | Killed a golden dragon
 45018 | Depths:3 | Received a gift from Trog
 45051 | Depths:3 | Reached skill level 3 in Stealth
 45095 | Depths:3 | Found the amulet of the Air {Inacc +Fly rElec EV+5 RMsl}
 45100 | Depths:3 | Reached skill level 18 in Dodging
 45668 | Depths:4 | Reached skill level 4 in Stealth
 45955 | Depths:4 | Received a gift from Trog
 46168 | Depths:4 | Noticed a golden dragon
 46173 | Depths:4 | Killed a golden dragon
 46173 | Depths:4 | Reached skill level 21 in Fighting
 46205 | Depths:4 | Reached skill level 5 in Stealth
 46332 | Depths:4 | Received a gift from Trog
 46346 | Depths:4 | Reached skill level 21 in Armour
 46346 | Depths:4 | Reached XP level 23. HP: 220/220 MP: 29/29
 46434 | Depths:4 | Reached skill level 23 in Axes
 46452 | Depths:4 | Noticed a caustic shrike
 46459 | Depths:4 | Killed a caustic shrike
 46470 | Depths:4 | Noticed a juggernaut
 46479 | Depths:4 | Killed a juggernaut
 46482 | Depths:4 | Noticed Xtahua
 46485 | Depths:4 | Reached skill level 6 in Stealth
 46496 | Depths:4 | Killed Xtahua
 46835 | Depths:4 | Received a gift from Trog
 47038 | Depths:4 | Noticed the Enchantress
 47052 | Depths:4 | Killed the Enchantress
 47058 | Depths:4 | Reached skill level 7 in Stealth
 47060 | Depths:4 | Received a gift from Trog
 47165 | Depths:4 | Got faerie dragon scales
 47168 | Depths:4 | Identified the +2 faerie dragon scales {rC+ rCorr Str+4 Slay+3} (You took it off the Enchantress on level 4 of the Depths)
 47229 | Depths:4 | Noticed Jorgrun
 47238 | Depths:4 | Killed Jorgrun
 47238 | Depths:4 | Reached skill level 19 in Dodging
 47515 | Depths:5 | Entered Level 5 of the Depths
 47967 | Depths:5 | Received a gift from Trog
 48033 | Depths:5 | Found Gat Vuom's Antique Weapon Shoppe.
 48061 | Depths:5 | Reached XP level 24. HP: 214/231 MP: 29/29
 48064 | Depths:5 | Reached skill level 8 in Stealth
 48156 | Depths:5 | Found a gate to the Realm of Zot.
 48219 | Depths:5 | Reached skill level 22 in Fighting
 48243 | Depths:5 | HP: 74/346 [caustic shrike (17)]
 48244 | Depths:5 | HP: 33/346 [acid (8)]
 48248 | Depths:5 | HP: 8/346 [caustic shrike (14)]
 48248 | Depths:5 | Splashed by a caustic shrike's acid

Skill      XL: |  1  2  3  4  5  6  7  8  9 10 11 12 13 14 15 16 17 18 19 20 21 22 23 24 |
---------------+-------------------------------------------------------------------------+-----
Axes           | 4 5 7 8 9 12 13 14 15 16 17 18 19 20 21 22 23 | 23.7
Throwing       | 1 3 4 5 6 8 9 10 11 12 13 14 15 | 15.7
Fighting       | 4 7 9 10 12 13 14 15 16 17 18 19 20 21 22 | 22.0
Armour         | 3 6 9 10 11 12 13 14 15 16 17 18 19 20 21 | 21.8
Evocations     | 1 4 6 7 8 9 10 | 10.0
Dodging        | 5 7 9 10 11 12 13 14 15 16 17 18 19 | 19.3
Stealth        | 5 7 8 |  8.1

Action                   |  1- 3 |  4- 6 |  7- 9 | 10-12 | 13-15 | 16-18 | 19-21 | 22-24 || total
-------------------------+-------+-------+-------+-------+-------+-------+-------+-------++-------
Melee: Hand axe          |    70 |   146 |       |       |       |       |       |       ||   216
       Headbutt          |     4 |    18 |    68 |   115 |   262 |   357 |   506 |   383 ||  1713
       War axe           |       |    13 |   358 |   326 |       |       |       |       ||   697
       Flail             |       |       |       |    12 |       |       |       |       ||    12
       Executioner's axe |       |       |       |   169 |       |       |       |       ||   169
       Battleaxe         |       |       |       |    65 |  1106 |  1314 |  1352 |   982 ||  4819
       Morningstar       |       |       |       |       |     6 |       |       |       ||     6
Throw: Javelin           |       |    11 |     9 |    29 |       |    77 |     1 |       ||   127
       Tomahawk          |       |       |       |    11 |    39 |       |    13 |     6 ||    69
       Throwing net      |       |       |       |       |       |       |     1 |       ||     1
Invok: Berserk           |     1 |     2 |     7 |    17 |    18 |    26 |     8 |     1 ||    80
       Trog's Hand       |       |     1 |     5 |    10 |    20 |    37 |     8 |     5 ||    86
       Burn Spellbooks   |       |       |     3 |     3 |     3 |     1 |     2 |       ||    12
       Brothers in Arms  |       |       |       |       |     7 |     7 |     1 |     1 ||    16
  Use: Scroll            |       |       |    12 |    16 |     5 |    11 |     4 |    11 ||    59
       Potion            |       |       |     1 |     3 |     2 |    10 |       |       ||    16
 Stab: Distracted        |       |       |       |       |     3 |       |     2 |     3 ||     8
       Petrified         |       |       |       |       |       |     1 |       |       ||     1
       Sleeping          |       |       |       |       |       |       |     1 |     6 ||     7
  Eat: Chunk             |     1 |     9 |    31 |    30 |    53 |    53 |    34 |    15 ||   226
       Ration            |       |       |       |     2 |     3 |     9 |     2 |       ||    16
Armor: Animal skin       |     4 |       |       |       |       |       |       |       ||     4
       Leather armour    |     8 |       |       |       |       |       |       |       ||     8
       Ring mail         |     7 |    41 |   155 |    38 |       |       |       |       ||   241
       Chain mail        |       |       |       |   350 |   474 |   191 |       |       ||  1015
       Scale mail        |       |       |       |       |       |   476 |   300 |   187 ||   963
       Gold dragon scale |       |       |       |       |       |       |       |   247 ||   247
Dodge: Dodged            |    40 |    81 |   201 |   359 |   657 |  1263 |   962 |   670 ||  4233
Block: Other             |       |       |       |       |   132 |   255 |   152 |   128 ||   667
       Reflection        |       |       |       |       |     5 |    28 |    20 |    10 ||    63

Vault maps used:
D:1:      dpeg_arrival_pond
D:2:      first_ration, uniq_terence
D:3:      serial_co_window_serial, co_window_corner_a, co_window_paths_b,
          co_window_paths_b, co_window_corner_a, co_window_corner_a,
          co_window_cross_3, co_window_cross_3, co_window_unsneaky_path_d,
          co_window_corner_b, co_window_broadway_c, co_window_paths_c,
          co_window_unsneaky_path_b, glass_columns_a, glass_columns_a,
          minivault_4
D:4:      lemuel_crystal_altar, minmay_tree_intersection
D:5:      cheibrodos_sewer_entry_drain, serial_shops, shop, serial_bayou_pond_d,
          kennysheep_generic_room_10, uniq_prince_ribbit1
D:6:      serial_curves, eino_curves_03, eino_curves_02
D:7:      temple_fountains
D:8:      minmay_lair_entry_lava, basic_altar, hangedman_ranch,
          minmay_three_doors, uniq_erica
D:9:      gammafunk_temple_overflow_forgotten, minitemple, serial_shops,
          nicolae_shop_waterfront, nemelex_altar_shiori
D:10:     minmay_twisted_water, nrook_mini_vaults, doesnt_xom_only_xom
D:11:     erik_orc_2, serial_undead, serial_undead_c, serial_undead_c,
          serial_undead_e, serial_undead_e
D:14:     david_vaults_5, grunt_decor_mini_mirrors, st_stairs_14, uniq_agnes,
          uniq_josephine
D:15:     hangedman_depths_entry_civil_slaughter, serial_bayou_lake_a,
          uniq_kirke
Lair:1:   lab_entry_generic, portal_ice_cave_entry_ice_beasts,
          grunt_megastairs_4
Lair:2:   nicolae_spider_entry_orb_guardian
Lair:3:   elwin_shoals_entry_rocks, grunt_megastairs_5, uniq_fannar,
          uniq_rupert, uniq_urug
Lair:4:   serial_bayou_lagoon_a, lemuel_fruit_fields, grunt_megastairs_2,
          infiniplex_staircase_pool
Lair:5:   beast_lair_carwin_7
Lair:6:   wormcave, slime_dummy
Shoals:1: serial_shops, nicolae_shop_behind_doors, nicolae_shop_crystal,
          nicolae_shoals_cliffside_cave, uniq_frances, uniq_nikola, uniq_louise
Shoals:2: uniq_polyphemus, uniq_aizul, uniq_roxanne
Shoals:3: serial_shops, nicolae_shop_waterfront, shop,
          nicolae_shop_temple_entry_statues_fountains, kb_tengu_band
Shoals:4: shoals_end_simple, shoals_ilsuiw_alternative
Spider:1: nicolae_spider_shape
Spider:2: uniq_arachne, uniq_donald
Spider:3: spider_trap, hangedman_stitches_earthworm, uniq_asterion
Spider:4: grunt_spider_rune_circles
Orc:1:    uniq_harold
Orc:2:    pf_orc_diabolical, serial_shops, shop_statue, mines3_lemuel
Elf:1:    cheibrodos_elf_bladeworks, minmay_elf_annihilation
Elf:2:    serial_shops, shop, nicolae_shop_trees, shop, nicolae_shop_crystal
Vaults:1: hangedman_vaults_snaps, st_octagons_2, v_alt_pattern_1,
          hangedman_vaults_capsules, v_pattern_2
Vaults:2: minmay_crypt_entry_simple_plaza, hangedman_vaults_slither,
          hangedman_vaults_corner_blocks, v_misc_5,
          nicolae_vaults_border_crossing, vaults_room_corners,
          vaults_room_hallway, ontoclasm_vaults_fault, dpeg_vaults_monster_box,
          serial_shops, nicolae_shop_behind_doors
Vaults:3: v_misc_22, grunt_vaults_funnel, hangedman_vaults_slice,
          ontoclasm_vaults_bender, nicolae_vaults_display_case, v_misc_30,
          nicolae_vaults_ninety_degrees, hangedman_vaults_hat,
          ontoclasm_vaults_claustrophobia, hangedman_vaults_impose,
          ontoclasm_vaults_eye, ontoclasm_vaults_loading_screen, serial_shops,
          shop_statue, mu_enter_wizlab_4
Vaults:4: v_pattern_5, v_misc_4, nicolae_vaults_windows_and_doors_thing,
          nicolae_vaults_gold_heap, v_misc_22, nicolae_vaults_ring_of_whatevers,
          nicolae_vaults_little_squares_4, uniq_margery, uniq_bai_suzhen
Depths:1: enter_ziggurat_e, grunt_hell_entry_demonic_statue, pan_entry,
          serial_shops, shop, nicolae_ashenzari_panopticon, wad_dig_loot
Depths:2: kennysheep_spiral_hall, grunt_hell_entry_dis_mu, enter_trove_3,
          serial_shops, bzr_entry_islet, fountainhead, rand_demon_pan_entry_9,
          kilobyte_mutagenic_chamber, serial_bayou_shore_b
Depths:3: minmay_the_grid_plus_closed, pf_hell_entry_tar_river, pan_entry,
          abyss_entry, kennysheep_flooded_box, nzn_random_ring,
          infiniplex_staircase_river
Depths:4: hangedman_box_tower, minmay_room_of_horrors, grunt_decor_cap,
          pf_coc_iceberg, uniq_xtahua, uniq_enchantress, uniq_jorgrun
Depths:5: grunt_x_marks_the_spot, hell_entry, roderic_serpentine_path,
          serial_shops, shop, rand_demon_pan_entry_4, minmay_shop_grove,
          serial_bayou_shore_b, infiniplex_staircase_pool_lava
Lab:      labyrinth_mini_lab, lab_statue, nicolae_lab_grate,
          nicolae_lab_t_cross, lab_block, nicolae_lab_big_swirl,
          nicolae_lab_blocks, nicolae_lab_statue, nicolae_lab_swirl,
          labyrinth_skeletal_remains, nicolae_lab_starburst,
          nicolae_lab_checkerboard
Bazaar:   bazaar_long_row
Sewer:    sewer_frog_island_02
IceCv:    ice_cave_caverns_01

Table legend:
 A = Turns spent in this place as a percentage of turns spent in the entire game.
 B = Non-inter-level travel turns spent in this place as a percentage of non-inter-level travel turns spent in the entire game.
 C = Inter-level travel turns spent in this place as a percentage of turns spent in this place.
 D = Turns resting spent in this place as a percentage of non-inter-level travel turns spent in this place.
 E = Turns spent auto-exploring this place as a percentage of non-inter-level travel turns spent in this place.
 F = Non-inter-level travel turns spent in this place divided by the number of levels of this place that you've seen.
                   A       B       C       D       E      F
               +-------+-------+-------+-------+-------+----------------------
         Total | 100.0 | 100.0 |   7.4 |   4.5 |  66.5 | 971.6
       Dungeon |  30.1 |  29.5 |   9.0 |   2.2 |  76.9 | 880.0
          Lair |  13.6 |  13.1 |  10.7 |   8.8 |  69.2 | 978.7
        Shoals |   9.3 |   9.1 |   9.4 |  12.0 |  50.9 | 1012.2
   Spider Nest |   9.2 |   9.3 |   6.4 |   3.1 |  69.0 | 1039.0
  Orcish Mines |   4.7 |   4.4 |  13.5 |   0.0 |  62.7 | 974.0
   Elven Halls |   4.1 |   4.3 |   4.5 |   1.5 |  71.6 | 951.5
        Vaults |  11.0 |  11.2 |   6.1 |   1.5 |  70.3 | 1246.2
        Depths |  12.9 |  13.6 |   2.1 |   0.0 |  59.9 | 1218.6
     Labyrinth |   0.4 |   0.4 |   0.0 |   0.0 |   0.0 | 188.0
        Bazaar |   0.6 |   0.7 |   0.0 |   0.0 |  29.7 | 296.0
         Sewer |   0.7 |   0.8 |   0.0 |   0.0 |  37.4 | 361.0
      Ice Cave |   3.4 |   3.7 |   0.0 |  30.7 |  39.2 | 1641.0
               +-------+-------+-------+-------+-------+----------------------

Table legend:
 A = Kills in this place as a percentage of kills in entire the game.
 B = Kills by you in this place as a percentage of kills by you in the entire game.
 C = Kills by friends in this place as a percentage of kills by friends in the entire game.
 D = Other kills in this place as a percentage of other kills in the entire game.
 E = Experience gained in this place as a percentage of experience gained in the entire game.
 F = Experience gained in this place divided by the number of levels of this place that you have seen.
                   A       B       C       D       E      F
               +-------+-------+-------+-------+-------+----------------------
         Total | 100.0 | 100.0 | 100.0 | 100.0 | 100.0 | 21770.4
       Dungeon |  22.2 |  22.4 |  13.2 |  12.5 |   6.1 | 4044.5
          Lair |   8.9 |   8.9 |   9.4 |   0.0 |   5.3 | 8921.5
        Shoals |   7.3 |   6.6 |  34.0 |  25.0 |   8.9 | 22319.8
   Spider Nest |  11.2 |  11.5 |   0.0 |   0.0 |  10.0 | 25083.0
  Orcish Mines |   7.0 |   6.3 |  34.0 |   0.0 |   2.3 | 11601.5
   Elven Halls |   3.9 |   3.7 |   7.5 |  37.5 |   5.1 | 25586.0
        Vaults |  14.5 |  14.9 |   1.9 |   0.0 |  20.6 | 51602.8
        Depths |  19.6 |  20.1 |   0.0 |  25.0 |  40.2 | 80476.8
     Labyrinth |   0.2 |   0.2 |   0.0 |   0.0 |   0.2 | 1524.0
         Sewer |   2.8 |   2.9 |   0.0 |   0.0 |   0.0 | 295.0
      Ice Cave |   2.5 |   2.5 |   0.0 |   0.0 |   1.3 | 12642.0
               +-------+-------+-------+-------+-------+----------------------
